 Dungeon Crawl Stone Soup version 0.23-a0-726-g9fa1570 (console) character file.

204 Duffy the Chopper (level 5, -12/49 HPs)
             Began as a Naga Fighter on Jan 16, 2019.
             Mangled by an ogre
             ... wielding a +0 giant club
              (19 damage)
             ... on level 5 of the Dungeon.
             The game lasted 00:01:56 (1935 turns).

Duffy the Chopper (Naga Fighter)                    Turns: 1935, Time: 00:01:56

Health: -12/49     AC:  5    Str: 19    XL:     5   Next: 82%
Magic:  5/5        EV:  5    Int:  8    God:
Gold:   86         SH:  9    Dex: 11    Spells: 4/4 levels left

rFire    . . .     SeeInvis +   a - +0 war axe
rCold    . . .     Gourm    .   c - +0 shield
rNeg     . . .     Faith    .   b - +0 scale mail
rPois    +         Spirit   .   (no helmet)
rElec    .         Reflect  .   (no cloak)
rCorr    .         Harm     .   (no gloves)
MR       .....                  (no barding)
Stlth    ..........             (no amulet)
HPRegen  0.16/turn              (no ring)
MPRegen  0.09/turn              (no ring)

@: short of breath, very slow
A: large, see invisible, deformed body, poison resistance, slowness 2, slow
metabolism 1, spit poison 1, AC +1
a: Spit Poison


You were on level 5 of the Dungeon.
You were not hungry.

You visited 1 branch of the dungeon, and saw 5 of its levels.

You collected 86 gold pieces.

Inventory:

Hand Weapons
 a - a +0 war axe (weapon)
Armour
 b - a +0 scale mail (worn)
 c - a +0 shield (worn)
Jewellery
 i - an uncursed ring of fire
Scrolls
 e - a scroll of magic mapping {unknown}
 j - 2 scrolls of remove curse {unknown}
Potions
 d - 2 potions of might
 g - a potion of flight {unknown}
 h - 2 potions of degeneration {unknown}
 l - a potion of magic {unknown}
Comestibles
 f - 3 rations
 k - a chunk of flesh


   Skills:
 - Level 3.0 Fighting
 + Level 4.3 Axes
 - Level 2.4 Armour
 + Level 4.0 Shields


You had 4 spell levels left.
You didn't know any spells.
Your spell library was empty.

Dungeon Overview and Level Annotations

Branches:
Dungeon (5/15)
 Temple: D:4-7

Altars:


Innate Abilities, Weirdness & Mutations

You cannot wear boots.
Your serpentine skin is tough. (AC +1)
You have supernaturally acute eyesight. (SInv)
Armour fits poorly on your strangely shaped body.
Your system is resistant to poisons. (rPois)
You cover ground very slowly.
You have a slow metabolism.
You can spit poison.


Message History

The ogre is moderately wounded.
You block the ogre's attack.
You barely miss the ogre.
The ogre is moderately wounded.
The ogre barely misses you.
Your shield and scale mail prevent you from hitting the ogre.
The ogre is moderately wounded.
You have got your breath back.
The ogre hits you with a +0 giant club!
Press: ? - help, Shift-Dir - straight line, f/p - ogre
Aim: an ogre, wielding a +0 giant club (moderately wounded, poisoned)
The splash of poison hits the ogre.
The ogre is severely wounded.
You feel slightly more hungry.
The ogre looks more healthy.
The ogre hits you with a +0 giant club!!
Ouch! That really hurt!
You hit the ogre.
The ogre is severely wounded.
The ogre hits you with a +0 giant club!!
You die...

###### ###/..... #[.....#
#######......###
..##<........^..
#.##.##O.......
#.##)##@....##
#.##.####.#.#
##########......so># #
##......)%...#.###..#.#
.....######........?..###
##.#.# #..#...?..o.....
#.#(# #....(...$.......
#.#.# #.......###.####.
#<#.# ##.#.#.## .#


You could see an ogre.

Vanquished Creatures
  A scorpion (D:4)
  An orc priest (D:4)
  An orc wizard (D:5)
  A worker ant (D:4)
  3 adders
  An ooze (D:2)
  2 adder skeletons
  4 worms
  2 dart slugs
  2 leopard geckos
  2 orcs
  A bat (D:1)
  A giant cockroach (D:4)
  A goblin (D:1)
  3 kobolds
  A quokka (D:3)
  A rat (D:1)
28 creatures vanquished.

Notes
Turn   | Place    | Note
-------+----------+-------------------------------------------
     0 | D:1      | Duffy the Naga Fighter began the quest for the Orb.
     0 | D:1      | Reached XP level 1. HP: 21/21 MP: 1/1
   129 | D:1      | Reached XP level 2. HP: 19/28 MP: 2/2
   405 | D:2      | Reached XP level 3. HP: 34/34 MP: 3/3
  1267 | D:5      | Entered Level 5 of the Dungeon
  1286 | D:5      | Reached XP level 4. HP: 27/42 MP: 4/4
  1536 | D:4      | Reached XP level 5. HP: 26/49 MP: 5/5
  1928 | D:5      | Noticed an ogre
  1935 | D:5      | Mangled by an ogre

Vault maps used:
D:1:      kennysheep_arrival_seaside
D:2:      marbit_many_paths, first_ration
D:3:      dk_noncrumbling_4, uniq_crazy_yiuf_cottage
D:4:      kennysheep_little_box, serial_shops, kennysheep_mini,
          grunt_ministairs_12, minmay_circle_x, uniq_menkaure
D:5:      kennysheep_mini_moat, nicolae_overflow_hidden_temple, basic_altar

Skill      XL: |  1  2  3  4  5 |
---------------+----------------+-----
Shields        | 3 4 |  4.0
Axes           | 3 4 |  4.3
Fighting       | |  3.0
Armour         | |  2.4

Action                   |  1- 3 |  4- 6 || total
-------------------------+-------+-------++-------
Melee: War axe           |    68 |    42 ||   110
 Abil: Spit Poison       |     7 |    11 ||    18
  Eat: Chunk             |       |     3 ||     3
Armor: Scale mail        |    21 |    23 ||    44
Dodge: Dodged            |    19 |    15 ||    34
Block: Shield            |    34 |    25 ||    59

Table legend:
 A = Non-vault XP
 B = Vault XP
 C = Vault XP percentage of total XP
 D = Non-vault monster count
 E = Vault monster count
 F = Vault count percentage of total count
                 A         B        C        D         E       F
            +---------+---------+-------+---------+---------+-------
      Total |     277 |      15 |   5.1 |      26 |       2 |   7.1
            +---------+---------+-------+---------+---------+-------
        D:1 |      12 |       0 |   0.0 |       5 |       0 |   0.0
        D:2 |      23 |       0 |   0.0 |       6 |       0 |   0.0
        D:3 |      21 |       0 |   0.0 |       4 |       0 |   0.0
        D:4 |     165 |      15 |   8.3 |       7 |       2 |  22.2
        D:5 |      56 |       0 |   0.0 |       4 |       0 |   0.0
            +---------+---------+-------+---------+---------+-------
